AoeStats
← maximusthefirst

Black Forest

510243328Analyzed
3v3 RM · 3d ago on Sep 30, 2026· 54m 36s· 6 players
Game mode
Random Map
Map size
Normal (6 player)
Population
200
Speed
Normal
Resources
Standard
Victory
Conquest
Starting age
Dark Age
Ending age
Imperial Age
RankedLock teamsTeams togetherTeam positionsShared explorationLock speedFull tech treeHidden civsTurbo modeCheats
Victory
Defeat
🇺🇸 Khmer · United States
859
+17
🇨🇱 Turks · Chile
793
+19
🇺🇸 Japanese · United States
762
+21
🇦🇷 Goths · Argentina
874
-19
🇦🇷 Slavs · Argentina
872
-19
🇦🇷 Celts · Argentina
868
-19
J6X16
7:43 Loom
12:30 Feudal Age
14:09 Horse Collar
14:19 Double-Bit Axe
24:28 Castle Age
23:31 Scale Mail Armor
24:20 Wheelbarrow
25:57 Squires
25:45 Gambesons
26:25 Chain Mail Armor
26:21 Forging
30:21 Hand Cart
29:53 Town Watch
30:38 Heavy Plow
30:36 Fletching
30:46 Padded Archer Armor
32:42 Pikeman
32:43 Man-at-Arms
33:24 Bodkin Arrow
34:05 Iron Casting
37:00 Imperial Age
36:15 Bow Saw
37:48 Town Patrol
38:26 Plate Mail Armor
37:58 Bracer
38:59 Blast Furnace
38:23 Ballistics
38:30 Kataparuto
38:12 Arrowslits
39:29 Chemistry
40:10 Leather Archer Armor
40:42 Siege Engineers
40:38 Murder Holes
40:40 Guard Tower
41:11 Caravan
42:35 Onager
maximusthefirst
0:43 Loom
11:58 Feudal Age
13:15 Wheelbarrow
12:49 Double-Bit Axe
12:47 Horse Collar
20:21 Castle Age
21:18 Hand Cart
21:29 Bow Saw
21:22 Heavy Plow
21:21 Stone Mining
22:53 Stone Shaft Mining
25:21 Town Watch
26:08 Fortified Wall
26:25 Town Patrol
28:00 Gold Mining
28:41 Ballistics
29:49 Masonry
31:52 Gold Shaft Mining
31:38 Caravan
36:04 Imperial Age
36:28 Murder Holes
37:31 Crop Rotation
38:04 Chemistry
37:10 Siege Engineers
37:28 Conscription
36:30 Elite Ballista Elephant
37:37 Fletching
37:53 Scale Barding Armor
37:59 Forging
37:53 Tusk Swords
37:21 Capped Ram
40:01 Bloodlines
39:49 Bodkin Arrow
40:15 Chain Barding Armor
40:31 Iron Casting
39:58 Double Crossbow
40:35 Hoardings
40:46 Coinage
42:38 Banking
42:21 Husbandry
41:46 Light Cavalry
43:04 Bracer
43:41 Architecture
44:09 Plate Barding Armor
43:00 Cavalier
45:06 Blast Furnace
45:38 Hussar
47:42 Siege Ram
claudio_miranda_94
0:28 Loom
11:42 Feudal Age
12:33 Horse Collar
12:46 Double-Bit Axe
18:58 Fishing Lines
19:12 Gold Mining
19:13 Stone Mining
22:51 Castle Age
24:14 Heavy Plow
24:27 Bow Saw
24:55 Gold Shaft Mining
27:05 Scale Barding Armor
27:11 Forging
27:02 Padded Archer Armor
27:06 Fletching
27:12 Gillnets
31:53 Imperial Age
29:12 Town Watch
30:04 Wheelbarrow
30:18 Town Patrol
31:13 Ballistics
30:49 Murder Holes
30:35 Treadmill Crane
31:06 Masonry
32:33 Hand Cart
34:40 Architecture
33:51 Elite Janissary
35:06 Hoardings
34:52 Conscription
39:30 Two-Man Saw
39:42 Chain Barding Armor
39:59 Iron Casting
39:23 Bodkin Arrow
39:46 Leather Archer Armor
50:56 Artillery
Profesor Caos
4:41 Loom
13:37 Feudal Age
14:03 Double-Bit Axe
17:22 Horse Collar
19:08 Wheelbarrow
23:07 Castle Age
21:35 Gold Mining
24:15 Scale Mail Armor
24:26 Forging
24:23 Scale Barding Armor
24:37 Bow Saw
25:00 Heavy Plow
25:52 Gold Shaft Mining
26:15 Stone Mining
28:12 Husbandry
29:10 Hand Cart
29:39 Chain Mail Armor
29:59 Iron Casting
35:52 Imperial Age
35:18 Chain Barding Armor
37:37 Capped Ram
37:42 Cavalier
39:04 Plate Mail Armor
39:34 Blast Furnace
38:22 Arson
37:58 Pikeman
38:24 Gambesons
38:53 Siege Ram
39:43 Siege Engineers
40:24 Paladin
42:17 Conscription
42:09 Furor Celtica
42:30 Elite Woad Raider
43:21 Caravan
48:14 Halberdier
Señor Mojón
2:59 Loom
11:44 Feudal Age
13:14 Double-Bit Axe
17:52 Castle Age
16:30 Horse Collar
17:52 Stone Mining
17:25 Man-at-Arms
19:02 Bow Saw
21:07 Wheelbarrow
20:57 Long Swordsman
24:37 Heavy Plow
26:33 Gold Mining
32:28 Imperial Age
30:52 Scale Mail Armor
31:03 Forging
31:29 Hand Cart
32:06 Squires
32:23 Chain Mail Armor
34:02 Conscription
33:42 Perfusion
33:07 Two-Handed Swordsman
34:04 Champion
35:22 Iron Casting
38:11 Two-Man Saw
37:44 Crop Rotation
38:18 Blast Furnace
38:09 Fletching
37:57 Pikeman
40:28 Caravan
40:11 Halberdier
42:18 Elite Huskarl
43:01 Anarchy
43:09 Bodkin Arrow
43:14 Padded Archer Armor
43:20 Scale Barding Armor
46:20 Bloodlines
46:10 Husbandry
45:31 Light Cavalry
46:34 Chain Barding Armor
46:15 Bracer
46:31 Leather Archer Armor
Kyle
11:14 Feudal Age
12:49 Double-Bit Axe
14:27 Wheelbarrow
17:54 Horse Collar
21:38 Castle Age
21:28 Gold Mining
21:48 Stone Mining
23:27 Bow Saw
24:58 Fishing Lines
26:36 Heavy Plow
27:10 Fortified Wall
29:26 Murder Holes
31:44 Elite Skirmisher
32:33 Scale Barding Armor
32:29 Scale Mail Armor
33:22 Gold Shaft Mining
36:53 Imperial Age
34:42 Gillnets
36:31 Hand Cart
36:26 Husbandry
37:42 Padded Archer Armor
37:33 Fletching
37:44 Scale Mail Armor
38:04 Chain Barding Armor
37:55 Forging
39:11 Crop Rotation
39:43 Two-Man Saw
40:14 Conscription
40:04 Siege Engineers
40:03 Squires
39:26 Cavalier
40:17 Bloodlines
41:39 Ballistics
40:57 Capped Ram
41:02 Onager
43:49 Chain Mail Armor
45:28 Elite Boyar
49:13 Chain Barding Armor
50:09 Plate Mail Armor
50:15 Iron Casting
49:36 Bodkin Arrow
49:57 Leather Archer Armor
50:19 Druzhina
52:45 Plate Barding Armor
53:37 Light Cavalry
Connection lost

Rejoining the realm…

Still unreachable

The connection could not be restored.

Session expired

The server has moved on; the page needs a fresh start.